 Dungeon Crawl Stone Soup version 0.18.1-8-gdd0e5ea (webtiles) character file.

1435 MrXenoo the Ducker (level 8, 0/63 HPs)
             Began as a Demonspawn Berserker on June 8, 2016.
             Was an Initiate of Yredelemnul.
             Slain by a black bear (2 damage)
             ... created by the rage of Trog
             ... on level 6 of the Dungeon.
             The game lasted 00:49:34 (4893 turns).

MrXenoo the Ducker (Demonspawn Berserker)           Turns: 4893, Time: 00:49:34

Health: 0/63       AC:  8    Str: 19    XL:     8   Next: 45%
Magic:  17/17      EV: 13    Int:  8    God:    Yredelemnul [......]
Gold:   317        SH:  0    Dex: 14    Spells: 0 memorised, 7 levels left

rFire  . . .     SeeInvis .     P - +1 hand axe (venom)
rCold  . . .     Gourm    .     N - +0 scale mail
rNeg   . . .     Faith    .     (no shield)
rPois  .         Spirit   .     (helmet restricted)
rElec  .         Dismiss  .     (no cloak)
rCorr  .         Reflect  .     L - +0 pair of gloves
SustAt .         Harm     .     (no boots)
MR     .....                    R - amulet of magic regeneration (curse)
Stlth  ..........               (no ring)
                                s - ring of magical power

@: not resistant to hostile enchantments, extremely unstealthy
A: antennae 1, demonic guardian 2
a: Renounce Religion


You were on level 6 of the Dungeon.
You worshipped Yredelemnul.
Yredelemnul was noncommittal.
You were not hungry.

You visited 1 branch of the dungeon, and saw 6 of its levels.

You collected 317 gold pieces.

Inventory:

Hand Weapons
 a - a +0 hand axe
 g - a +0 bardiche
 m - a +4 dagger
 y - a +0 hunting sling
 H - a +0 hand axe
 M - a +0 shortbow
 P - a +1 hand axe of venom (weapon)
Missiles
 h - 166 stones
 l - 150 arrows (quivered)
 u - 13 tomahawks
 v - 21 poisoned needles
 x - 59 sling bullets
Armour
 c - a +0 ring mail
 F - a +0 centaur barding
 I - a +2 robe of cold resistance
 L - a +0 pair of gloves (worn)
 N - a +0 scale mail (worn)
Jewellery
 s - a ring of magical power (left hand)
 R - a cursed amulet of magic regeneration (around neck)
Wands
 T - a wand of lightning (6/15)
Scrolls
 d - a scroll of magic mapping {unknown}
 e - 3 scrolls of remove curse
 f - a scroll of vulnerability {unknown}
 i - a scroll of blinking {unknown}
 j - 6 scrolls of identify {unknown}
 p - 5 scrolls of teleportation {unknown}
 r - 3 scrolls of noise {unknown}
 z - 2 scrolls of random uselessness {unknown}
 B - a scroll of immolation {unknown}
 D - a scroll of enchant armour {unknown}
 E - 2 scrolls of recharging {unknown}
 J - a scroll of enchant weapon {unknown}
 K - a scroll of fog {unknown}
Potions
 n - a potion of curing {unknown}
 q - 2 potions of might {unknown}
 C - a potion of degeneration {unknown}
 G - 3 potions of heal wounds
 O - a potion of flight {unknown}
 Q - a potion of lignification {unknown}
 S - a potion of brilliance {unknown}
 W - a potion of berserk rage
Comestibles
 b - 11 chunks of flesh
 k - 3 fruits
 o - 3 meat rations
 A - a bread ration
 V - a slice of pizza


   Skills:
 + Level 5.4 Fighting
 + Level 3.1 Short Blades
 + Level 4.1 Axes
 + Level 4.5 Armour
 + Level 5.9 Dodging
 + Level 1.1 Stealth


You had 7 spell levels left.
You didn't know any spells.

Dungeon Overview and Level Annotations

Branches:
Dungeon (6/15)             Temple (0/1) D:6

Altars:
Dithmenos
Fedhas
Sif Muna
Vehumet
Yredelemnul

Annotations:
D:1 88*!
D:2 !ao
D:4 824
D:5 **8
D:6 8


Innate Abilities, Weirdness & Mutations

You have a pair of small antennae on your head.
A demonic guardian rushes to your aid.


Message History

The black bear claws you but does no damage. x2
The polar bear bites you!
The polar bear claws you but does no damage.
The polar bear claws you.
You hit the polar bear but do no damage.
The polar bear is lightly wounded.
You closely miss the black bear.
The black bear is severely wounded.
The black bear bites you.
* * * LOW HITPOINT WARNING * * *
The black bear closely misses you. The black bear claws you.
* * * LOW HITPOINT WARNING * * *
The polar bear bites you!
* * * LOW HITPOINT WARNING * * *
The polar bear claws you but does no damage.
The polar bear claws you.
* * * LOW HITPOINT WARNING * * *
The black bear barely misses you. The black bear claws you.
You die...
Your body rises from the dead as a mindless zombie.

#.###.#.########.##..###.....##..
......#..........###.###.....##..
.......#########.# #..##.....##..
.#####.##############.##.#.#.))..
...##............#.......#.####..
.#.##..#########.#.###.....#.....
##'###.# #h#.# #...###.##..
.....#.# #h#.# #...##......
.#'#.#.# #@#.# #...##......
.#>#.'.# #h#.# #...##......
.###.#.# #h#.# ##..###.####
.....#.# #.#.# #..##....#
##'###.# #.#.####..##....#
#..##..#########.#.#<....##....#
....................###..##....#
#################...# #..##....#
#...........#......# ##>##....#


You could see a polar bear (berserk) and 3 black bears.

Vanquished Creatures
  The ghost of georgeearnest the Covered, an amateur HOFi (D:5)
  A water moccasin (D:5)
  An ogre (D:6)
  A phantom (D:6)
  A centaur (D:6)
  A scorpion (D:5)
  A howler monkey (D:6)
  A quasit (D:3)
  An orc wizard (D:4)
  An orc priest (D:4)
  3 hounds
  An iguana (D:4)
  3 worker ants
  Robin (D:4)
  4 adders
  2 adder skeletons
  5 worms
  2 dart slugs
  5 giant geckos
  3 orcs
  3 ball pythons
  5 bats
  6 giant cockroaches
  15 goblins
  6 hobgoblins
  2 jackals
  9 kobolds
  5 giant newts
  A jackal zombie (D:5)
  6 rats
  A spectral orc (D:6)
98 creatures vanquished.

Vanquished Creatures (collateral kills)
  The ghost of raikaria the Vandal, an amateur HaHu (D:4)
  2 phantoms
  2 centaurs (D:5)
  A giant frog (D:6)
  A giant frog zombie (D:6)
  2 orc wizards
  2 orc priests (D:6)
  A giant frog skeleton (D:4)
  A worker ant (D:5)
  An adder skeleton (D:5)
  5 orcs
  A ball python (D:4)
  6 jackals
26 creatures vanquished.

Grand Total: 124 creatures vanquished

Notes
Turn   | Place    | Note
--------------------------------------------------------------
     0 | D:1      | MrXenoo the Demonspawn Berserker began the quest for the Orb.
     0 | D:1      | Reached XP level 1. HP: 18/18 MP: 1/1
   280 | D:1      | Gained mutation: You have a pair of small antennae on your head. [demonic ancestry]
   280 | D:1      | Reached XP level 2. HP: 21/24 MP: 2/2
   922 | D:2      | Reached ** piety under Trog
  1420 | D:2      | Gained mutation: A weak demonic guardian rushes to your aid. [demonic ancestry]
  1420 | D:2      | Reached XP level 3. HP: 21/29 MP: 3/3
  1892 | D:3      | Found a faded altar to an unknown god.
  1906 | D:3      | Gained mutation: A demonic guardian rushes to your aid. [demonic ancestry]
  1906 | D:3      | Reached XP level 4. HP: 10/37 MP: 4/4
  2222 | D:3      | You fall through a shaft for 2 floors!
  2222 | D:5      | Entered Level 5 of the Dungeon
  2264 | D:5      | Noticed a centaur
  2272 | D:5      | Killed a centaur
  2272 | D:5      | Reached *** piety under Trog
  2272 | D:5      | Reached skill level 1 in Short Blades
  2272 | D:5      | Reached XP level 5. HP: 24/42 MP: 5/5
  2539 | D:4      | Noticed raikaria's ghost (amateur HaHu)
  2542 | D:4      | Reached XP level 6. HP: 48/48 MP: 6/6
  2548 | D:4      | Killed raikaria's ghost
  2548 | D:4      | Reached skill level 1 in Stealth
  2558 | D:4      | Found a radiant altar of Vehumet.
  3045 | D:4      | Noticed Robin
  3106 | D:4      | Killed Robin
  3113 | D:4      | Reached XP level 7. HP: 22/55 MP: 7/7
  3211 | D:4      | Found a shadowy altar of Dithmenos.
  3430 | D:4      | Reached **** piety under Trog
  3604 | D:5      | Noticed georgeearnest's ghost (amateur HOFi)
  3613 | D:5      | Killed georgeearnest's ghost
  3613 | D:5      | Reached skill level 5 in Dodging
  3616 | D:5      | Reached skill level 5 in Fighting
  4161 | D:6      | Found a blossoming altar of Fedhas.
  4171 | D:6      | Reached XP level 8. HP: 57/62 MP: 8/8
  4551 | D:6      | Found a staircase to the Ecumenical Temple.
  4612 | D:6      | Found a basalt altar of Yredelemnul.
  4624 | D:6      | Fell from the grace of Trog
  4624 | D:6      | Became a worshipper of Yredelemnul the Dark
  4798 | D:6      | Found a deep blue altar of Sif Muna.
  4888 | D:6      | Noticed a polar bear
  4893 | D:6      | HP: 2/63 [polar bear[the rage of Trog] (3)]
  4893 | D:6      | Slain by a black bear

Skill      XL: |  1  2  3  4  5  6  7  8 |
---------------+-------------------------+-----
Axes           | 3 4 |  4.1
Dodging        | 2 3 4 5 |  5.9
Armour         | 2 3 4 |  4.5
Fighting       | 4 5 |  5.4
Short Blades   | 1 2 3 |  3.1
Stealth        | 1 |  1.1

Action                   |  1- 3 |  4- 6 |  7- 9 || total
-------------------------+-------+-------+-------++-------
Melee: Hand axe          |    16 |       |   127 ||   143
       Dagger            |    92 |   192 |    14 ||   298
  Use: Scroll            |     1 |       |       ||     1
       Potion            |     1 |     2 |     2 ||     5
  Eat: Chunk             |     1 |     2 |     6 ||     9
       Bread ration      |     1 |       |       ||     1
Armor: Animal skin       |     7 |       |       ||     7
       Leather armour    |    18 |       |       ||    18
       Ring mail         |     6 |    13 |       ||    19
       Robe              |       |    21 |       ||    21
       Scale mail        |       |    48 |    65 ||   113
Dodge: Dodged            |    69 |   153 |    90 ||   312
